FSL
LAKELAND FLYING TIGERS @ DAYTONA TORTUGAS
07/23/2099
 
TOP OF THE 1ST
Lakeland Flying Tigers batting - Pitching for Daytona Tortugas : LHP Ricardo Soto
Pitching: LHP Ricardo Soto
Batting: RHB Quincy Behan 0-0: Called Strike
0-1: Fly out, F4 (Line Drive, 4, EV 74.4 MPH)
Batting: RHB Chris Bowman 0-0: Ball
1-0: Ground out 4-3 (Groundball, 4M, EV 101.3 MPH)
Batting: RHB Adam Anderson 0-0: Called Strike
0-1: Called Strike
0-2: Ball
1-2: Ball
2-2: Strikes out looking
Top of the 1st over - 0 runs, 0 hits, 0 errors, 0 left on base; Lakeland 0 - Daytona 0
BOTTOM OF THE 1ST
Daytona Tortugas batting - Pitching for Lakeland Flying Tigers : RHP Dan Hoskins
Pitching: RHP Dan Hoskins
Batting: RHB Mike Arnold 0-0: Ball
1-0: Bunted foul
1-1: Ball
2-1: DOUBLE (Groundball, 5L, EV 106.9 MPH)
Batting: RHB Brian Radford 0-0: Fly out, F5 (Popup, 5SF, EV 73.8 MPH)
Batting: RHB David Clinkscale 0-0: Called Strike
0-1: Ball
1-1: Foul Ball, location: 23FF
1-2: Fly out, F9 (Line Drive, 9LS, EV 98.8 MPH)
Batting: RHB Joe Mills 0-0: Called Strike
0-1: SINGLE (Groundball, 34D, EV 95.6 MPH)
Mike Arnold to third
Runner from 3rd tries for Home, SAFE, throw by RF to home
Batting: RHB Orlando Morales 0-0: Ball
1-0: Fly out, F8 (Flyball, 8RXD, EV 100.0 MPH)
Bottom of the 1st over - 1 run, 2 hits, 0 errors, 1 left on base; Lakeland 0 - Daytona 1
TOP OF THE 2ND
Lakeland Flying Tigers batting - Pitching for Daytona Tortugas : LHP Ricardo Soto
Batting: LHB Steve Diamond 0-0: Ball
1-0: Called Strike
1-1: Swinging Strike
1-2: Ground out 6-3 (Groundball, 6, EV 101.9 MPH)
Batting: RHB Mike Nesseth 0-0: Ball
1-0: Swinging Strike
1-1: Ball
2-1: Called Strike
2-2: Strikes out swinging
Batting: RHB Jason Ley 0-0: Foul Ball, location: 2F
0-1: Ball
1-1: Swinging Strike
1-2: Fly out, F9 (Flyball, 89M, EV 93.8 MPH)
Top of the 2nd over - 0 runs, 0 hits, 0 errors, 0 left on base; Lakeland 0 - Daytona 1
BOTTOM OF THE 2ND
Daytona Tortugas batting - Pitching for Lakeland Flying Tigers : RHP Dan Hoskins
Batting: RHB Sean Wisher 0-0: Called Strike
0-1: Ball
1-1: Fly out, F8 (Flyball, 8RS, EV 68.1 MPH)
Batting: RHB Rich Holland 0-0: Called Strike
0-1: Swinging Strike
0-2: Ball
1-2: Strikes out swinging
Batting: RHB Daniel Salinas 0-0: Called Strike
0-1: Called Strike
0-2: SINGLE (Line Drive, 9LM, EV 104.4 MPH)
Batting: RHB Tim Doucet 0-0: Called Strike
0-1: Ball
1-1: Ball
2-1: Fly out, F9 (Flyball, 89D, EV 107.5 MPH)
Bottom of the 2nd over - 0 runs, 1 hit, 0 errors, 1 left on base; Lakeland 0 - Daytona 1
TOP OF THE 3RD
Lakeland Flying Tigers batting - Pitching for Daytona Tortugas : LHP Ricardo Soto
Batting: RHB Jay Burdis 0-0: Fly out, F8 (Flyball, 8RD, EV 108.8 MPH)
Batting: SHB Casey Jones 0-0: Called Strike
0-1: Fly out, F8 (Flyball, 8RXD, EV 95.6 MPH)
Batting: LHB Alex Pacheco 0-0: Called Strike
0-1: Ball
1-1: Foul Ball, location: 5F
1-2: Ball
2-2: Ground out 6-3 (Groundball, 6, EV 102.5 MPH)
Top of the 3rd over - 0 runs, 0 hits, 0 errors, 0 left on base; Lakeland 0 - Daytona 1
BOTTOM OF THE 3RD
Daytona Tortugas batting - Pitching for Lakeland Flying Tigers : RHP Dan Hoskins
Batting: RHB Mike Arnold 0-0: Called Strike
0-1: Foul Ball, location: 7LDF
0-2: Ball
1-2: Foul Ball, location: 25FF
1-2: Ball
2-2: Ball
3-2: Ground out 5-3 (Groundball, 5, EV 77.5 MPH)
Batting: RHB Brian Radford 0-0: Called Strike
0-1: Foul Ball, location: 3F
0-2: Strikes out looking
Batting: RHB David Clinkscale 0-0: Ball
1-0: Called Strike
1-1: Called Strike
1-2: Strikes out swinging
Bottom of the 3rd over - 0 runs, 0 hits, 0 errors, 0 left on base; Lakeland 0 - Daytona 1
TOP OF THE 4TH
Lakeland Flying Tigers batting - Pitching for Daytona Tortugas : LHP Ricardo Soto
Batting: RHB Quincy Behan 0-0: Fly out, F3 (Line Drive, 3, EV 66.9 MPH)
Batting: RHB Chris Bowman 0-0: Ball
1-0: Ball
2-0: Ball
3-0: Called Strike
3-1: Base on Balls
Batting: RHB Adam Anderson 0-0: Ball
1-0: Foul Ball, location: 2F
1-1: Ball
2-1: Foul Ball, location: 5F
2-2: SINGLE (Line Drive, 7LS, EV 87.5 MPH)
Chris Bowman to second
Batting: LHB Steve Diamond 0-0: Swinging Strike
0-1: Ball
1-1: Ball
2-1: Fly out, F7 (Flyball, 78M, EV 80.6 MPH)
Batting: RHB Mike Nesseth 0-0: Ball
1-0: Foul Ball, location: 2F
1-1: Ball
2-1: Swinging Strike
2-2: Ball
3-2: Strikes out swinging
Top of the 4th over - 0 runs, 1 hit, 0 errors, 2 left on base; Lakeland 0 - Daytona 1
BOTTOM OF THE 4TH
Daytona Tortugas batting - Pitching for Lakeland Flying Tigers : RHP Dan Hoskins
Batting: RHB Joe Mills 0-0: Ball
1-0: Swinging Strike
1-1: Ball
2-1: Ball
3-1: Hit by Pitch
Batting: RHB Orlando Morales 0-0: Called Strike
0-1: Grounds into double play, 6-4-3 (Groundball, 6, EV 105.0 MPH)
Batting: RHB Sean Wisher 0-0: Swinging Strike
0-1: Foul Ball, location: 5SF
0-2: Ball
1-2: Ball
2-2: Strikes out swinging
Bottom of the 4th over - 0 runs, 0 hits, 0 errors, 0 left on base; Lakeland 0 - Daytona 1
TOP OF THE 5TH
Lakeland Flying Tigers batting - Pitching for Daytona Tortugas : LHP Ricardo Soto
Batting: RHB Jason Ley 0-0: Ball
1-0: Swinging Strike
1-1: Ball
2-1: Ball
3-1: Foul Ball, location: 2F
3-2: Strikes out swinging
Batting: RHB Jay Burdis 0-0: Swinging Strike
0-1: Ball
1-1: Foul Ball, location: 2F
1-2: Strikes out looking
Batting: SHB Casey Jones 0-0: Ball
1-0: Ball
2-0: Called Strike
2-1: Ball
3-1: Called Strike
3-2: Foul Ball, location: 5F
3-2: Fly out, F9 (Line Drive, 9S, EV 90.6 MPH)
Top of the 5th over - 0 runs, 0 hits, 0 errors, 0 left on base; Lakeland 0 - Daytona 1
BOTTOM OF THE 5TH
Daytona Tortugas batting - Pitching for Lakeland Flying Tigers : RHP Dan Hoskins
Batting: RHB Rich Holland 0-0: DOUBLE (Flyball, 8RXD, EV 98.1 MPH)
Batting: RHB Daniel Salinas 0-0: Ball
1-0: Ground out 6-3 (Groundball, 6S, EV 84.4 MPH)
Batting: RHB Tim Doucet 0-0: Ball
1-0: Foul Ball, location: 7LMF
1-1: Fly out, F8 (Flyball, 8LS, EV 83.8 MPH)
Batting: RHB Mike Arnold 0-0: Ball
1-0: Called Strike
1-1: Ball
2-1: Ball
3-1: Called Strike
3-2: Strikes out looking
Bottom of the 5th over - 0 runs, 1 hit, 0 errors, 1 left on base; Lakeland 0 - Daytona 1
TOP OF THE 6TH
Lakeland Flying Tigers batting - Pitching for Daytona Tortugas : LHP Ricardo Soto
Batting: LHB Alex Pacheco 0-0: Ball
1-0: Called Strike
1-1: Called Strike
1-2: Ball
2-2: Foul Ball, location: 9LSF
2-2: Foul Ball, location: 2LF
2-2: Strikes out swinging
Batting: RHB Quincy Behan 0-0: Called Strike
0-1: Foul Ball, location: 3F
0-2: Ball
1-2: Reached on error, E6 (Groundball, 56, EV 85.6 MPH)
Batting: RHB Chris Bowman 0-0: Ball
1-0: Swinging Strike
1-1: Swinging Strike
1-2: Ball
2-2: Strikes out swinging
Batting: RHB Adam Anderson 0-0: Fly out, F8 (Flyball, 89S, EV 90.6 MPH)
Top of the 6th over - 0 runs, 0 hits, 1 error, 1 left on base; Lakeland 0 - Daytona 1
BOTTOM OF THE 6TH
Daytona Tortugas batting - Pitching for Lakeland Flying Tigers : RHP Dan Hoskins
Batting: RHB Brian Radford 0-0: Ball
1-0: Ball
2-0: Ground out 5-3 (Groundball, 5, EV 81.9 MPH)
Batting: RHB David Clinkscale 0-0: Ball
1-0: Fly out, F8 (Flyball, 8RXD, EV 104.4 MPH)
Batting: RHB Joe Mills 0-0: Ball
1-0: Ball
2-0: Ground out 6-3 (Groundball, 6, EV 77.5 MPH)
Bottom of the 6th over - 0 runs, 0 hits, 0 errors, 0 left on base; Lakeland 0 - Daytona 1
TOP OF THE 7TH
Lakeland Flying Tigers batting - Pitching for Daytona Tortugas : LHP Ricardo Soto
Batting: LHB Steve Diamond 0-0: Called Strike
0-1: Called Strike
0-2: Strikes out swinging
Batting: RHB Mike Nesseth 0-0: Ball
1-0: Called Strike
1-1: Called Strike
1-2: Ball
2-2: Ball
3-2: Strikes out swinging
Batting: RHB Jason Ley 0-0: Ball
1-0: Foul Ball, location: 2F
1-1: Fly out, F8 (Flyball, 8RS, EV 92.5 MPH)
Top of the 7th over - 0 runs, 0 hits, 0 errors, 0 left on base; Lakeland 0 - Daytona 1
BOTTOM OF THE 7TH
Daytona Tortugas batting - Pitching for Lakeland Flying Tigers : RHP Dan Hoskins
Batting: RHB Orlando Morales 0-0: Ball
1-0: Ball
2-0: Foul Ball, location: 2F
2-1: Ball
3-1: Foul Ball, location: 5F
3-2: SINGLE (Line Drive, 7S, EV 92.5 MPH)
Batting: RHB Sean Wisher 0-0: Foul Ball, location: 5F
0-1: Swinging Strike
0-2: Ball
1-2: Strikes out swinging
Batting: RHB Rich Holland 0-0: Fly out, F3 (Popup, 3S, EV 73.1 MPH)
Batting: RHB Daniel Salinas 0-0: Called Strike
0-1: Ball
1-1: Ground out U3 (Groundball, 3, EV 110.0 MPH)
Bottom of the 7th over - 0 runs, 1 hit, 0 errors, 1 left on base; Lakeland 0 - Daytona 1
TOP OF THE 8TH
Lakeland Flying Tigers batting - Pitching for Daytona Tortugas : LHP Ricardo Soto
Pitching: RHP Nestor Fuentes
Batting: RHB Jay Burdis 0-0: Called Strike
0-1: Called Strike
0-2: Ball
1-2: Foul Ball, location: 25F
1-2: Fly out, F9 (Flyball, 89S, EV 91.3 MPH)
Batting: SHB Casey Jones 0-0: Swinging Strike
0-1: Ball
1-1: SINGLE (Line Drive, 78S, EV 105.6 MPH)
Batting: LHB Alex Pacheco 0-0: Ball
1-0: Fly out, F5 (Popup, 25F, EV 94.4 MPH)
Pinch Hitting: SHB Victor Costales 0-0: Called Strike
0-1: Called Strike
0-2: Foul Ball, location: 2F
0-2: Strikes out looking
Top of the 8th over - 0 runs, 1 hit, 0 errors, 1 left on base; Lakeland 0 - Daytona 1
BOTTOM OF THE 8TH
Daytona Tortugas batting - Pitching for Lakeland Flying Tigers : RHP Dan Hoskins
Now at 3B: Nick Hartel
Batting: RHB Tim Doucet 0-0: Ball
1-0: Called Strike
1-1: Ball
2-1: Foul Ball, location: 3F
2-2: Ball
3-2: Fly out, F7 (Line Drive, 7, EV 90.0 MPH)
Batting: RHB Mike Arnold 0-0: Called Strike
0-1: Ball
1-1: SINGLE (Line Drive, 34, EV 93.8 MPH)
Batting: RHB Brian Radford 0-0: Called Strike
0-1: Ball
1-1: Ball
2-1: Ball
3-1: Swinging Strike
3-2: Fly out, F7 (Flyball, 78S, EV 81.9 MPH)
Batting: RHB David Clinkscale 0-0: Foul Ball, location: 2F
0-1: Ball
1-1: Ball
2-1: Ball
3-1: Base on Balls
Mike Arnold to second
Batting: RHB Joe Mills 0-0: Ball
1-0: Called Strike
1-1: Swinging Strike
1-2: DOUBLE (Line Drive, 89M, EV 111.3 MPH)
Mike Arnold scores
David Clinkscale to third
Pitching: RHP Brandon Hansen
Batting: RHB Orlando Morales 0-0: Ground out 5-3 (Groundball, 5L, EV 82.5 MPH)
Bottom of the 8th over - 1 run, 2 hits, 0 errors, 2 left on base; Lakeland 0 - Daytona 2
TOP OF THE 9TH
Lakeland Flying Tigers batting - Pitching for Daytona Tortugas : RHP Nestor Fuentes
Pinch Hitting: SHB Christian Salazar 0-0: Ground out 3-1 (Groundball, 34S, EV 80.0 MPH)
Pinch Hitting: LHB Ted Oetken 0-0: Ground out 6-3 (Groundball, P, EV 81.3 MPH)
Batting: LHB Steve Diamond 0-0: Ball
1-0: Foul Ball, location: 7LDF
1-1: Ball
2-1: SINGLE (Groundball, 4, EV 101.3 MPH)
Batting: RHB Mike Nesseth 0-0: Ball
1-0: Called Strike
1-1: Swinging Strike
1-2: Fielders Choice at 2nd, 5-4 (Groundball, 56, EV 107.5 MPH)
Top of the 9th over - 0 runs, 1 hit, 0 errors, 1 left on base; Lakeland 0 - Daytona 2
Sunday, May 12th , 2024 - OOTP Baseball 24.11 Build 85